[Event "Uruguayan Championship 2022"]
[Site "Montevideo"]
[Date "2022.04.14"]
[Round "7.4"]
[White "Carbone, Diego"]
[Black "Carvalho, Guillermo"]
[Result "1-0"]
[ECO "E01"]
[WhiteElo "2272"]
[BlackElo "2171"]
[Annotator "TA"]
[PlyCount "105"]
[EventDate "2022.04.08"]
[EventType "tourn"]
[EventCountry "URU"]
[SourceTitle "playchess.com"]
[Source "ChessBase"]
[SourceQuality "1"]
[TimeControl "40/5400+30:1800+30"]

1. d4 Nf6 2. c4 e6 3. g3 d5 4. Bg2 Bb4+ 5. Bd2 Be7 6. Nf3 O-O 7. O-O c6 8. Qc2 Nbd7 9. Bf4 b6 10. Rd1 Bb7 11. Ne5 {[%emt 0:00:35] 11.Ne5 is better than 11.Nc3.} Rc8 12. Nc3 Nh5 {[%emt 0:07:27] E08: Closed Catalan: Main Line: 7 Qc2.} 13. Bc1 Nhf6 14. e4 dxe4 {[%emt 0:01:22] White is slightly better.} 15. Nxe4 Nxe4 16. Bxe4 f5 17. Nxd7 Qxd7 18. Bg2 Bf6 19. Be3 Rfd8 {[%emt 0:05:12] [#]} 20. c5 $146 ({Predecessor:} 20. a4 Ba8 21. a5 b5 22. c5 g5 23. b4 Qf7 24. Ra3 h5 25. Rad3 Rd7 26. a6 {1-0 (37) Korogodski,L-Nenneman,D ICCF email 2014}) 20... Qf7 21. cxb6 axb6 22. Qb3 b5 23. a4 Ba6 (23... bxa4 $14 24. Qxa4 (24. Rxa4 e5 $14) 24... Ra8) 24. a5 $16 Rd6 25. Rac1 Bb7 (25... g5 $16) 26. Qa3 ({Only move:} 26. a6 $1 $18 Ba8 27. d5) 26... Qd7 27. Bf3 Rd8 28. a6 Ba8 29. Qa5 (29. b4 $16) 29... g5 (29... c5 $1 $14 30. d5 Qa7) 30. h3 {[%emt 0:10:06] &Bianco is more active.} Qg7 (30... h5 $16) 31. Kh2 g4 (31... Qf7 $16 32. Rd2 R8d7) 32. hxg4 $18 fxg4 33. Be4 e5 $2 (33... Bxd4 {was worth a try.} 34. Bxd4 e5) 34. dxe5 Rxd1 35. Rxd1 $2 ({White must play} 35. exf6 $18 {Threatening mate with Rxd1.} Qf7 36. Rc5) 35... Rxd1 $17 36. exf6 Qf7 {[%emt 0:01:40] ( -> ...Qh5+)} 37. Bg5 Qh5+ $1 38. Bh4 Qc5 39. Qa2+ {[%emt 0:10:39] [#]} Kf8 ({Black should play} 39... Qc4 $1 $19 40. Qxc4+ bxc4) 40. b4 $1 $11 {[%emt 0:06:56] The board is on fire.} Qd4 {[%emt 0:07:29][%mdl 8192] [#] This costs Black the game.} (40... Qc4 $15 41. Qxc4 bxc4) 41. Bg2 $1 $18 ({But not} 41. Bxh7 $2 Qd5 42. Qxd5 cxd5 $19) 41... Qc4 {[%emt 0:17:15] Prevents Qe6.} 42. Qa5 {[%emt 0:02:48] Black must now prevent Qb6.} Qe6 43. Qc7 {[%emt 0:02:22] Threatens to win with Qa7.} Qd7 44. Qb8+ Qe8 45. Qa7 Rd7 {[%emt 0:00:30] Prevents Qg7+.} 46. Qc5+ Kg8 47. Qg5+ Qg6 48. Qf4 {[%emt 0:00:14] Strongly threatening Qb8+.} Rf7 49. Be4 Qh5 50. Kg1 {[%emt 0:02:05] White threatens Bf5 and mate.} Rf8 51. Bf5 c5 52. Be6+ Kh8 53. f7 {[%emt 0:00:22] Weighted Error Value: White=0.40/Black=0.66} 1-0

[Event "Uruguayan Championship 2022"]
[Site "Montevideo"]
[Date "2022.04.14"]
[Round "7.5"]
[White "Coppola, Claudio"]
[Black "Vazquez, Facundo"]
[Result "1/2-1/2"]
[ECO "D00"]
[WhiteElo "2285"]
[BlackElo "2319"]
[Annotator "TA"]
[PlyCount "39"]
[EventDate "2022.04.08"]
[EventType "tourn"]
[EventCountry "URU"]
[SourceTitle "playchess.com"]
[Source "ChessBase"]
[SourceQuality "1"]
[TimeControl "40/5400+30:1800+30"]

1. d4 d5 2. Nc3 Nf6 3. Bf4 e6 4. e3 Bb4 5. Bd3 c5 6. dxc5 {[%emt 0:01:14] D00: 1 d4 d5: Unusual lines.} Nbd7 7. Nge2 Nxc5 (7... a6 $15) 8. Bb5+ {[%emt 0:04:22] [#]} Ncd7 $146 ({Predecessor:} 8... Bd7 9. Qd4 Qa5 10. a3 Bxc3+ 11. Nxc3 Qb6 12. b4 Bxb5 13. bxc5 Qc6 14. Rb1 Ba6 {1-0 (38) Benitez Lozano,J (2373)-Corrales Jimenez,Z (2194) Mexico City 2020}) 9. O-O a6 10. a3 Be7 11. Bxd7+ Bxd7 12. Nd4 O-O 13. Qe2 Qb6 14. Rab1 Bd6 15. Bg5 {[%emt 0:02:34] [#]} (15. Nb3 $15) 15... Ne8 ({Better is} 15... Ne4 $1 $17 16. Nxe4 dxe4) 16. Rfd1 $15 Nc7 17. Qg4 f5 {[%emt 0:03:57] Against e4} 18. Qh4 {[%emt 0:00:19] [#]} (18. Qh5 $15) 18... h6 (18... Rae8 $1 $17 {Hoping for ...h6.} 19. Qh5 e5) 19. Be7 $11 g5 20. Qxh6 {[%emt 0:03:05] Weighted Error Value: White=0.12 (very precise) /Black=0.17 (very precise)} ({But not} 20. Bxg5 hxg5 21. Qxg5+ Kf7 22. Qh5+ Ke7 23. Qh4+ Ke8 $17) 1/2-1/2

[Event "Uruguayan Championship 2022"]
[Site "Montevideo"]
[Date "2022.04.14"]
[Round "7.6"]
[White "Hoffman, Alejandro"]
[Black "Vaz Lacuesta, Leonardo"]
[Result "1-0"]
[ECO "E16"]
[WhiteElo "2403"]
[BlackElo "2018"]
[Annotator "TA"]
[PlyCount "125"]
[EventDate "2022.04.08"]
[EventType "tourn"]
[EventCountry "URU"]
[SourceTitle "playchess.com"]
[Source "ChessBase"]
[SourceQuality "1"]
[TimeControl "40/5400+30:1800+30"]

1. d4 Nf6 2. c4 e6 3. Nf3 Bb4+ 4. Bd2 Qe7 5. g3 O-O 6. Bg2 Bxd2+ 7. Qxd2 d5 8. O-O c6 9. Qc2 Nbd7 10. Nbd2 {[%emt 0:01:22] E11: Bogo-Indian.} e5 11. cxd5 Nxd5 12. e4 {[%emt 0:03:35] White is slightly better.} N5b6 13. Nb3 exd4 14. Nfxd4 Ne5 {[%emt 0:01:37] [#]} 15. f4 $146 ({Predecessor:} 15. h3 a5 16. a3 a4 17. Nc5 Nec4 18. Nd3 Rd8 19. Ne2 Ne5 20. Rfd1 Nxd3 21. Rxd3 {½-½ (42) Babula,V (2559)-Markoja,B (2439) Tornelo INT 2021}) 15... Nec4 16. Rfe1 {[%emt 0:01:50] Against Ne3} Rd8 17. e5 Qb4 (17... a5 $14) 18. a3 $16 Qa4 (18... Qe7 $142) 19. e6 (19. Qf2 $142 Na5 20. Nxa5 Qxd4 21. Qxd4 Rxd4 22. Red1 Rxd1+ 23. Rxd1) 19... Bxe6 20. Nxe6 fxe6 21. Be4 ({Of course not} 21. Rxe6 $6 Na5 22. Re3 Re8 $11) 21... Nd2 22. Bxh7+ {[%emt 0:01:33][%mdl 64] [#] Discovered Attack} Kh8 23. Nxd2 Qxc2 {[%emt 0:02:45][%mdl 64] Remove Defender} 24. Bxc2 Rxd2 25. Bg6 Rxb2 26. Rxe6 Rd2 27. Rae1 {[%emt 0:00:42] Threatening mate with Re8+.} Rdd8 (27... Rf8 $16 28. Re8 Rd8) 28. Re7 Rab8 29. h4 (29. R7e5 $18) 29... Nd5 30. R7e6 {[%emt 0:00:44] &Bianco is more active.} c5 {[%emt 0:00:37] [#] White leaves nothing to chance now.} (30... a5 $14) 31. R6e5 $1 $18 Kg8 (31... c4 $16 {was called for.}) 32. Bf5 ({Don't do} 32. Be4 $6 Nf6 $16) 32... Kf8 33. Be6 Nf6 34. Rxc5 {[%emt 0:00:28] aiming for Rc7.} Rd6 $2 (34... Re8 {is more resistant.} 35. Kg2 Rbd8) 35. Rc7 Ne8 36. Rf7+ Kg8 37. Bb3 Rb6 38. Ba2 Nd6 39. Rxb7+ Kf8 40. Rxb8+ Rxb8 {[%emt 0:00:05][%mdl 4096] Endgame KRB-KRN} 41. Re2 Rc8 42. Kh2 Rc3 43. Bb1 {[%emt 0:00:00] Prevents Nf5. Hoping for Re6.} Kf7 $2 (43... Rxa3 44. Re6 Nc8) 44. a4 Ra3 45. Bc2 Nc4 46. h5 {[%emt 0:00:00] Against g6. And now Bg6+ would win. White is clearly winning.} Ne3 47. Bg6+ Kf6 48. Re1 {[%emt 0:00:00] Against Nf1+} Ng4+ 49. Kh3 Nf2+ (49... Ne3 $142 50. Be4 Nc4) 50. Kh4 Rxa4 51. Rc1 Ra3 52. Rc6+ Ke7 53. Rc7+ Kf6 54. Rf7+ Ke6 55. Rxg7 Ra1 56. g4 Kf6 57. Rf7+ Ke6 58. Rf8 Ra3 59. Kg5 Ra5+ 60. f5+ Kd6 61. h6 Ra4 62. Bh5 {[%emt 0:00:20] White wants to mate with h7.} Ne4+ 63. Kg6 {[%emt 0:00:20] Weighted Error Value: White=0.23 (precise) /Black=0.45} 1-0

[Event "Uruguayan Championship 2022"]
[Site "Montevideo"]
[Date "2022.04.15"]
[Round "8.1"]
[White "Diaz Hollemaert, Nahuel"]
[Black "Vaz Lacuesta, Leonardo"]
[Result "1-0"]
[ECO "A35"]
[WhiteElo "2439"]
[BlackElo "2018"]
[Annotator "TA"]
[PlyCount "51"]
[EventDate "2022.04.08"]
[EventType "tourn"]
[EventCountry "URU"]
[SourceTitle "playchess.com"]
[Source "ChessBase"]
[SourceQuality "1"]
[TimeControl "40/5400+30:1800+30"]

1. Nf3 Nf6 2. c4 c5 3. Nc3 Nc6 4. e3 d5 5. d4 e6 6. a3 cxd4 7. exd4 dxc4 8. Bxc4 Be7 9. O-O O-O 10. Re1 a6 11. Ba2 {[%emt 0:21:17] D26: Queen's Gambit Accepted: 4 e3 e6 5 Bxc5 c5 sidelines.} b5 12. d5 exd5 13. Nxd5 {[%emt 0:00:02] White has an edge.} Nxd5 14. Qxd5 Bb7 15. Qh5 $1 {[%emt 0:05:01] Bg5 is the strong threat. &Bianco is more active.} Qd6 16. Bg5 $40 {[%emt 0:06:32][%mdl 128] [#] Black must now prevent Rad1. White has strong attack.} Bd8 $146 (16... h6 $2 17. Rad1 $1 Qc5 18. Rc1 $1 $18) (16... Rad8 $16 {was worth a try.}) ({Predecessor:} 16... Rad8 17. Bxe7 Nxe7 18. Ng5 Qg6 19. Qxh7+ Qxh7 20. Nxh7 Kxh7 21. Rxe7 Bd5 22. Bxd5 Rxd5 {1-0 (75) Hoffman,A (2441)-Ricardi,P (2493) Buenos Aires 2019}) 17. Rad1 $18 ({Not} 17. Bxd8 Raxd8 18. Ng5 Qg6 19. Qxg6 hxg6 $16) 17... Qg6 18. Qxg6 hxg6 {[%emt 0:00:06] [#]} 19. Rd7 $1 Bc8 {[%emt 0:03:31] [#]} (19... Na5 20. Bd2 Bxf3) 20. Rxf7 $1 Rxf7 21. Re8+ {[%emt 0:00:07][%mdl 64] Deflection, Double Attack} Kh7 22. Bxf7 {[%emt 0:00:06] Intending Bg8+ and mate.} Bxg5 23. Nxg5+ Kh6 24. f4 Bb7 25. Re3 Kh5 26. Be6 {[%emt 0:00:24] White took control after the opening.  Weighted Error Value: White=0.01 (flawless) /Black=0.93} 1-0

[Event "Uruguayan Championship 2022"]
[Site "Montevideo"]
[Date "2022.04.15"]
[Round "8.2"]
[White "Vazquez, Facundo"]
[Black "Hoffman, Alejandro"]
[Result "1/2-1/2"]
[ECO "A44"]
[WhiteElo "2319"]
[BlackElo "2403"]
[Annotator "TA"]
[PlyCount "37"]
[EventDate "2022.04.08"]
[EventType "tourn"]
[EventCountry "URU"]
[SourceTitle "playchess.com"]
[Source "ChessBase"]
[SourceQuality "1"]
[TimeControl "40/5400+30:1800+30"]

1. d4 c5 2. d5 e5 3. e4 d6 4. a4 Be7 5. Nd2 Nf6 {[%emt 0:01:49] [#]} 6. h3 $146 {[%emt 0:02:42] A44: Semi-Benoni.} ({Predecessor:} 6. Bd3 O-O 7. Ne2 Nbd7 8. Nc3 Ne8 9. Nc4 Nb8 10. O-O Bg5 11. a5 Bxc1 12. Qxc1 {1-0 (25) Lins,T (2454)-Even,R (2494) GER email 2020}) 6... h5 ({Black should try} 6... O-O $14) 7. Ne2 Nbd7 8. Nc3 Nf8 9. Nc4 Ng6 10. Be2 h4 11. Bg5 Kf8 12. Qd2 Ne8 (12... Kg8 $142) 13. Be3 $16 {[%emt 0:02:27] &Bianco is much more active.} Nf6 14. f4 (14. O-O $142) 14... exf4 {[%emt 0:02:42] White is better.} 15. Bxf4 Kg8 16. Bh2 Ne8 17. O-O Bg5 18. Qd3 {[%emt 0:02:27] Nb5 is the strong threat.} f6 19. Rf2 {[%emt 0:13:27] Weighted Error Value: White=0.12 (very precise) /Black=0.14 (very precise)} 1/2-1/2

[Event "Uruguayan Championship 2022"]
[Site "Montevideo"]
[Date "2022.04.15"]
[Round "8.3"]
[White "Carvalho, Guillermo"]
[Black "Coppola, Claudio"]
[Result "0-1"]
[ECO "A25"]
[WhiteElo "2171"]
[BlackElo "2285"]
[Annotator "TA"]
[PlyCount "114"]
[EventDate "2022.04.08"]
[EventType "tourn"]
[EventCountry "URU"]
[SourceTitle "playchess.com"]
[Source "ChessBase"]
[SourceQuality "1"]
[TimeControl "40/5400+30:1800+30"]

1. c4 e5 2. Nc3 Nc6 3. g3 f5 4. Bg2 Nf6 5. d3 Bb4 6. Bd2 Bxc3 {[%emt 0:00:27] A25: English Opening vs King's Indian with ...Nc6 but without early d3.} 7. Bxc3 d6 8. e3 O-O {[%emt 0:00:31] White is slightly better.} 9. Ne2 Qe8 10. d4 {[%emt 0:01:16] [#]} (10. O-O $14) 10... Qh5 $146 ({Predecessor:} 10... e4 11. b4 d5 12. Nf4 Ne7 13. Qb3 c6 14. h4 dxc4 15. Qxc4+ Ned5 16. Bf1 Qf7 17. Nxd5 Nxd5 {½-½ (41) Hill,A (2186)-Lund,D (2258) England 2018}) 11. d5 (11. Bxc6 $14 exd4 12. Nxd4 bxc6 13. Qxh5 (13. Nxc6 Qe8 $14) 13... Nxh5 14. Nxc6) 11... Ne7 12. f3 b5 13. b3 (13. f4 $1 $14) 13... Ba6 $15 14. O-O (14. f4 $17) 14... bxc4 $19 15. g4 fxg4 16. Ng3 Qg6 {[%emt 0:03:17] Threatens to win with ...cxb3.} 17. f4 exf4 (17... cxb3 $19 18. fxe5 {[#]} b2 $1) 18. Rxf4 $17 Qd3 (18... h5 $142 19. bxc4 Nd7) 19. Qxd3 cxd3 20. Bxf6 Rxf6 21. Ra4 Bb7 22. Rd4 Nf5 (22... c5 $17 23. dxc6 Bxc6) 23. Nxf5 $11 Rxf5 24. Rxd3 Re8 25. e4 Rf7 26. Rc3 h5 27. Rac1 Ree7 28. Rc4 h4 29. Rb4 Bc8 30. Bf1 Rf8 31. Bd3 g3 (31... Rf3 $5 32. Be2 Re3 $15) 32. Rb8 $2 {[%emt 0:02:08] This move loses the game for White.} (32. hxg3 $15 a5 33. Rb8) 32... g2 $19 33. Kxg2 {[%emt 0:09:50] [#]} Bh3+ $1 34. Kxh3 {[%emt 0:00:07] Strongly threatening Rxf8+.} Rxb8 35. Kxh4 {[%emt 0:00:29][%mdl 4096] Endgame KRR-KRB} Rb4 36. Kg3 (36. Re1 $142) 36... Rd4 37. Rc3 Rf7 38. e5 (38. h4 $142) 38... dxe5 39. Bc4 Kf8 40. d6 Rd7 ({Worse is} 40... cxd6 41. Bxf7 Kxf7 42. Rc7+ Kf6 43. Rxa7 $17) 41. dxc7 Rxc7 42. Re3 Re7 43. h3 Ke8 44. a4 (44. Kf3 {was necessary.}) 44... Kd7 45. Kf2 Kd6 46. Rg3 Kc5 47. Ke3 Kb4 48. Rg5 Rh4 {[%emt 0:00:00] Inhibits Rh5.} 49. Rg3 a5 50. Bd5 Rc7 51. Ke2 (51. Bc4 $142 Rd7 52. Bg8) 51... Rc2+ 52. Ke1 Rc3 53. Rxg7 Rhxh3 54. Rg4+ Ka3 55. Rg2 Rhe3+ 56. Kf1 Rc1+ 57. Kf2 Rd3 {[%emt 0:00:00] Weighted Error Value: White=0.47/Black=0.19 (very precise)} 0-1

[Event "Uruguayan Championship 2022"]
[Site "Montevideo"]
[Date "2022.04.15"]
[Round "8.4"]
[White "Granara Barreto, Sebastian"]
[Black "Carbone, Diego"]
[Result "0-1"]
[ECO "C45"]
[WhiteElo "2131"]
[BlackElo "2272"]
[Annotator "TA"]
[PlyCount "116"]
[EventDate "2022.04.08"]
[EventType "tourn"]
[EventCountry "URU"]
[SourceTitle "playchess.com"]
[Source "ChessBase"]
[SourceQuality "1"]
[TimeControl "40/5400+30:1800+30"]

1. e4 e5 2. Nf3 Nc6 3. d4 exd4 4. Nxd4 Nf6 5. Nxc6 bxc6 6. e5 Qe7 7. Qe2 Nd5 8. c4 Nb6 9. Nc3 Ba6 10. Qe4 Qe6 {[%emt 0:00:31][%cal Ra6c4] The old main line.} (10... Qb4 11. Be2 $14) (10... g6 $5 ) 11. b3 {[%emt 0:03:28] C45: Scotch Game.} Bb4 12. Bd2 Bxc3 13. Bxc3 {[%emt 0:00:06] White is slightly better.} d5 14. Qf3 {[%emt 0:11:08] Threatens to win with cxd5.} dxc4 15. Be2 O-O-O 16. O-O Kb7 {[%emt 0:01:03] [#]} 17. Rfb1 $146 ({Predecessor:} 17. Rfc1 h5 18. Bf1 g5 19. Qe2 g4 20. Bb2 h4 21. a4 h3 22. g3 Ka8 23. a5 {½-½ (61) Timman,J (2578)-Das,A (2416) Helsingor 2017}) 17... cxb3 18. axb3 Bxe2 19. Qxe2 {[%emt 0:00:09] aiming for Qa6+.} Kb8 20. Qa6 {[%emt 0:00:50][%mdl 1024] White has strong compensation.} Nc8 21. Ra4 c5 22. Qb5+ Nb6 23. Qa6 (23. Qxc5 Nxa4 24. bxa4+ Ka8 $17) 23... Nc8 24. Qb5+ Nb6 $1 25. Qa6 (25. Qxc5 Nxa4 26. bxa4+ Ka8 $17) 25... Qd5 (25... Nc8 $11 {keeps the balance.}) 26. Qxa7+ $16 Kc8 27. Raa1 Qb7 28. Qa3 Rd5 29. Rc1 Rhd8 30. h3 Qc6 31. Qa6+ Kb8 32. Qa7+ (32. h4 $16) 32... Kc8 $14 33. Qa6+ (33. Qa2 $14) 33... Qb7 (33... Kb8 $1 $11) 34. Qa3 (34. Qe2 $16) 34... g6 (34... Qc6 $1 $11) 35. Ba5 Qc6 36. Bc3 ({White should play} 36. b4 $16) 36... Qb5 37. Qb2 Kb7 38. Ra5 $2 (38. Rab1 $14 {stays ahead.}) 38... Rd1+ $17 39. Rxd1 Rxd1+ 40. Kh2 Qf1 {[%emt 0:07:49] &Nero is more active.} 41. Qc2 Rd5 ({Better is} 41... h5 $1 $17 42. Qe4+ Kb8) 42. Bb2 Nd7 43. e6 fxe6 {[%emt 0:00:00] Threatening ...Qd3.} 44. Qe4 (44. Bc3 $11) 44... Qxf2 $19 ({Inferior is} 44... c6 45. Qa4 (45. Qc4 $2 Qxf2 46. Bg7 Rd1 $19) 45... Qxf2 46. Ra7+ (46. Ra8 Kc7 $17) 46... Kb8 47. Be5+ $1 Nxe5 48. Ra8+ Kc7 49. Qa7+ Kd6 50. Rd8+ Nd7 51. Rxd7+ Ke5 52. Rf7 $11) 45. Bc1 Qd4 46. Qxe6 {[%emt 0:00:13] Qa6+ would kill now.} Qe5+ 47. Qxe5 Rxe5 $17 {[%emt 0:00:00][%mdl 4096] Endgame KRB-KRN} 48. Bf4 (48. Ra2 $142) 48... Re4 49. Kg3 Rb4 50. Ra3 Nf6 {[%emt 0:00:00] Strongly threatening ...Nh5+.} 51. Kf3 Ne4 52. Ra4 $2 (52. Be3 $17) 52... Nd6 $19 53. Rxb4+ cxb4 {[%emt 0:00:02] KB-KN} 54. Ke3 {[%emt 0:00:20] [#]} Nb5 {[%emt 0:01:32] And now ...c5 would win.} 55. Kd3 $2 (55. Ke4) 55... c5 {[%emt 0:00:35] Black is clearly winning.} 56. Kc4 Kc6 57. Be3 Nd6+ 58. Kd3 Kd5 {[%emt 0:00:06] Weighted Error Value: White=0.46/Black=0.22 (precise)} 0-1

[Event "Uruguayan Championship 2022"]
[Site "Montevideo"]
[Date "2022.04.15"]
[Round "8.5"]
[White "Palacio, Enzo"]
[Black "Roselli Mailhe, Bernardo"]
[Result "1/2-1/2"]
[ECO "C04"]
[WhiteElo "1896"]
[BlackElo "2426"]
[Annotator "TA"]
[PlyCount "40"]
[EventDate "2022.04.08"]
[EventType "tourn"]
[EventCountry "URU"]
[SourceTitle "playchess.com"]
[Source "ChessBase"]
[SourceQuality "1"]
[TimeControl "40/5400+30:1800+30"]

1. e4 e6 2. d4 d5 3. Nd2 Nc6 4. Ngf3 Nf6 5. e5 Nd7 6. Bb5 a6 7. Bxc6 bxc6 8. Nb3 c5 9. c3 {[%emt 0:04:00] C04: French Tarrasch: 3...Nc6.} (9. Bg5 $11 Be7 10. Bxe7 Qxe7 11. c3) 9... cxd4 (9... c4 $15 10. Nbd2 c5) 10. cxd4 ({Better is} 10. Bg5 $11 Be7 11. Bxe7 Qxe7 12. cxd4) 10... c5 (10... a5 $1 $15 {was preferrable.}) 11. dxc5 $11 {[%emt 0:09:45] The position is equal.} Nxc5 {[%emt 0:04:45] [#]} 12. Be3 $146 ({Predecessor:} 12. Nxc5 Bxc5 13. O-O O-O 14. Qa4 Bd7 15. Qg4 Kh8 16. Be3 Bxe3 17. fxe3 h6 18. Nd4 {0-1 (26) Marholev,D (2199)-Konstantinov,A (2251) Novi Sad 2017}) 12... Na4 (12... Nxb3 $11 {feels stronger.} 13. Qxb3 Bd7) 13. Qd4 $14 Bd7 14. O-O $1 Rb8 15. Rfc1 Rb7 16. Rc2 Qb8 (16... h6 $16 {was called for.}) 17. Rac1 $18 {[%emt 0:10:05] White is clearly better.} Rb4 18. Qd3 {[%emt 0:07:48] &Bianco is much more active.} Rc4 (18... Qb5 $142 19. Qxb5 axb5) 19. Bd4 ({Inferior is} 19. Rxc4 Nxb2 20. Rc8+ Bxc8 $11) 19... Nb6 20. Na5 ({Much less strong is} 20. Rxc4 $6 dxc4 21. Qc3 cxb3 $16) 20... Rxc2 {[%emt 0:03:10] Black got outplayed after the opening.  Weighted Error Value: White=0.15 (very precise) /Black=0.35} 1/2-1/2

[Event "Uruguayan Championship 2022"]
[Site "Montevideo"]
[Date "2022.04.15"]
[Round "8.6"]
[White "Rodi, Luis Ernesto"]
[Black "Lopez Azambuja, Nicolas"]
[Result "1/2-1/2"]
[ECO "C15"]
[WhiteElo "2347"]
[BlackElo "2318"]
[Annotator "TA"]
[PlyCount "114"]
[EventDate "2022.04.08"]
[EventType "tourn"]
[EventCountry "URU"]
[SourceTitle "playchess.com"]
[Source "ChessBase"]
[SourceQuality "1"]
[TimeControl "40/5400+30:1800+30"]

1. e4 e6 2. d4 d5 3. Nc3 Bb4 4. exd5 exd5 5. Bd3 Nc6 6. Nf3 Nge7 {[%emt 0:01:23] C01: French: Exchange Variation.} 7. O-O Bg4 8. h3 Bh5 9. a3 Bxc3 10. bxc3 f6 11. Re1 O-O {[%emt 0:02:21] [#]} 12. a4 $146 ({Predecessor:} 12. Qe2 Re8 13. g4 Bg6 14. Bxg6 Nxg6 15. Qd3 Rxe1+ 16. Nxe1 Qd6 17. Qg3 Qxg3+ 18. fxg3 {0-1 (57) Sinnhoefer,J (1919)-Schlangenotto,N (2008) Playchess.com INT 2020}) 12... Re8 13. Ba3 Bg6 14. c4 Bf7 (14... Qd7 {keeps more tension.} 15. a5 b6 16. cxd5 Nxd5 17. Bxg6 hxg6 18. c4 Nf4) 15. Bxe7 (15. cxd5 {is interesting.} Nxd5 16. Rxe8+ Qxe8 17. c4) 15... Rxe7 16. Rxe7 Nxe7 17. cxd5 Nxd5 18. Qd2 a5 19. c3 Qd6 20. Qc2 h6 21. Nd2 Nf4 22. Bf1 $1 Re8 23. Nc4 Qd5 24. Ne3 Qd6 (24... Qg5 $15 25. Kh2 Nd5 26. Nxd5 Qxd5) 25. g3 $14 {[%emt 0:07:53] aiming for Nf5.} Ng6 26. Re1 b6 27. Bb5 Re7 (27... c6 $5 28. Bd3 Ne7 $11) 28. Re2 Qa3 29. Kh2 Qb3 30. Qd2 Qe6 31. Bc4 Qd7 32. Bb5 Qe6 33. Ng2 Qd6 (33... Qb3 $11) 34. Ne3 Qe6 35. Qc2 {[%emt 0:03:05] Hoping for Nf5.} Qb3 $1 36. Qxb3 (36. Qd3 {feels hotter.} Qe6 37. Rd2 Qe4 38. Qxe4 Rxe4 39. d5) 36... Bxb3 37. Rb2 Bf7 38. c4 Nf8 (38... Re4 $11 {remains equal.}) 39. d5 g6 40. Rd2 (40. c5 $1 $16) 40... Kg7 ({Black should play} 40... f5 $14) 41. c5 $16 bxc5 42. Nc4 {[%emt 0:00:00] &Bianco is more active.} (42. Rc2 $16) 42... Be8 43. d6 cxd6 44. Nxd6 Bxb5 45. axb5 $11 {[%emt 0:00:00][%cal Ba4b5,Bb5b6,Bb6b7][%mdl 4128] Endgame Threatening b6. KRN-KRN} Nd7 46. Nc8 {[%emt 0:00:00][%mdl 1024] Inhibits Nb6. White has compensation.} Rf7 47. b6 Ne5 (47... c4 $11) 48. Ra2 $1 $16 Nc6 {[%emt 0:06:49] [#]} 49. Rc2 $1 Rf8 ({Better is} 49... Nd8) 50. b7 Rf7 $2 (50... Nb8 $16 {is more resistant.}) 51. Nd6 $18 Rd7 {[%emt 0:00:39] [#]} 52. Rxc5 $1 Nb8 {[%emt 0:00:14] [#]} 53. Rc8 $2 Rxd6 $11 {[%emt 0:00:33] The position is equal.} 54. Rxb8 {[%emt 0:00:00][%cal Ob8g8] White threatens Rg8+! and mate.} Rb6 55. Kg2 a4 56. Ra8 Rxb7 57. Rxa4 Re7 {[%emt 0:00:06] Weighted Error Value: White=0.20 (precise) /Black=0.28 (precise)} 1/2-1/2